[Event "Team 45 45 League T51"]
[Site "Internet Chess Club"]
[Date "2011.11.19"]
[Round "2"]
[White "makramkozman"]
[Black "alexping"]
[Result "1/2-1/2"]
[WhiteElo "1599"]
[BlackElo "1927"]
[Opening "English, 1...Nf6 (Anglo-Indian defense)"]
[ECO "A15"]
[Time "07:12:13"]
[TimeControl "2700+45"]

1. c4 Nf6 2. g3 g6 3. Bg2 Bg7 4. Nc3 d6 5. d3 O-O 6. h4 c6 7. Nh3 Nbd7 8. Bg5 h6
9. Bd2 e5 10. Qc1 h5 11. Bh6 Ng4 12. Bxg7 Kxg7 13. Ne4 Nc5 14. b4 Ne6 15. f3 Nh6
16. e3 d5 17. Neg5 Nf5 18. Kf2 d4 19. e4 Ne3 20. Re1 f6 21. Nxe6+ Bxe6 22. Kg1
Qe7 23. a3 b5 24. c5 a5 25. Qb2 Qd7 26. Nf2 f5 27. f4 fxe4 28. Rxe3 dxe3 29.
Qxe5+ Kh7 30. Nxe4 Rf5 31. Qxf5 gxf5 32. Nf6+ Kg6 33. Nxd7 Bxd7 34. Re1 axb4 35.
axb4 Ra4 36. Rxe3 Kf6 37. d4 Rxb4 38. d5 cxd5 39. Bxd5 Rd4 40. Bb3 b4 41. c6
Bxc6 42. Re6+ Kg7 43. Rxc6 Rd3 44. Rc7+ Kh6 45. Be6 Rxg3+ 46. Kf2 Rg4 47. Kf3
Kg6 48. Bf7+ Kf6 49. Bxh5 Rxh4 50. Rc6+ Ke7 51. Bg6 Rh3+ 52. Kg2 Rh4 53. Kg3 Rh6
54. Rc7+ Kf6 55. Be8 Rh8 56. Bb5 Ra8 57. Bd7 Ra5 58. Rb7 Rd5 59. Kf3 b3 {Game
drawn by mutual agreement} 1/2-1/2

[Event "Team 45 45 League T51"]
[Site "Internet Chess Club"]
[Date "2011.11.20"]
[Round "2"]
[White "viking99"]
[Black "DaveF"]
[Result "1-0"]
[WhiteElo "1831"]
[BlackElo "1400"]
[Opening "Caro-Kann: advance variation"]
[ECO "B12"]
[Time "10:00:38"]
[TimeControl "2700+45"]

1. e4 c6 2. d4 d5 3. e5 c5 4. Bb5+ Bd7 5. Nc3 Bxb5 6. Nxb5 Qb6 7. a4 e6 8. Be3
cxd4 9. Bxd4 Qa5+ 10. c3 Nc6 11. b4 Qd8 12. Ne2 Nh6 13. O-O Nf5 14. Nf4 a6 15.
g4 axb5 16. gxf5 Qg5+ 17. Ng2 Nxd4 18. cxd4 Be7 19. Qd3 O-O 20. Qxb5 Rab8 21.
Rfc1 Qxf5 22. Rc7 Bg5 23. Rxb7 Rbc8 24. Qe2 Rc2 25. Qf1 h5 26. Re1 Qg4 27. Qd3
Rd2 28. Qg3 Rxd4 29. Qxg4 Rxg4 30. a5 Bd2 31. Rb1 Ra8 32. Kf1 Bc3 33. f4 h4 34.
Rb3 Bd2 35. h3 Rg3 36. Rxg3 hxg3 37. Ke2 Bc3 38. Kf3 f6 39. exf6 gxf6 40. Kxg3
d4 41. Kf3 Ra6 42. Ke4 Rd6 43. Kd3 e5 44. Rb5 Re6 45. fxe5 fxe5 46. Ke4 Rh6 47.
Rxe5 Rxh3 48. a6 Bxb4 49. a7 Ra3 50. Re8+ Kf7 51. a8=Q d3 52. Qxa3 Bxa3 53. Rd8
Ke6 54. Rxd3 Bb2 55. Nf4+ Ke7 56. Rb3 {Black resigns} 1-0

[Event "Team 45 45 League T51"]
[Site "Internet Chess Club"]
[Date "2011.11.20"]
[Round "2"]
[White "puapaupau"]
[Black "MontanaSky"]
[Result "1-0"]
[WhiteElo "1700"]
[BlackElo "1725"]
[Opening "French: Tarrasch, closed variation, main line"]
[ECO "C06"]
[Time "10:32:53"]
[TimeControl "2700+45"]

1. e4 e6 2. d4 d5 3. Nd2 Nf6 4. e5 Nfd7 5. Bd3 c5 6. c3 Nc6 7. Ne2 cxd4 8. cxd4
Qb6 9. Nf3 Bb4+ 10. Bd2 Bxd2+ 11. Qxd2 Qb4 12. a3 Qxd2+ 13. Nxd2 f5 14. O-O a6
15. Rac1 Nb6 16. Nb3 Bd7 17. Nc5 Rb8 18. Rc3 Na5 19. Nf4 Ke7 20. Rfc1 g6 21. h4
Rhc8 22. Nh3 h6 23. Nf4 Rg8 24. Be2 Nac4 25. Rb3 g5 26. Nh5 Bb5 27. Nf6 Rgf8 28.
hxg5 hxg5 29. Rh3 Rf7 30. Rh6 {Black forfeits on time} 1-0

[Event "Team 45 45 League T51"]
[Site "Internet Chess Club"]
[Date "2011.11.19"]
[Round "2"]
[White "rubo"]
[Black "mrneale"]
[Result "1-0"]
[WhiteElo "1688"]
[BlackElo "1438"]
[Opening "Two knights defense"]
[ECO "C55"]
[Time "14:00:38"]
[TimeControl "2700+45"]

1. e4 e5 2. Nf3 Nc6 3. Bc4 Nf6 4. d4 d6 5. dxe5 Nxe4 6. Qd5 Be6 7. Qxe4 d5 8.
Bxd5 Bxd5 9. Qe2 Be7 10. Bf4 O-O 11. O-O Rc8 12. Nc3 Bxf3 13. Qxf3 Bb4 14. Rad1
Qe7 15. Nd5 Qe6 16. a3 Ba5 17. b4 Bb6 18. Rfe1 Rb8 19. c4 Bd4 20. Qe4 f5 21.
exf6 Qxe4 22. Rxe4 Bxf6 23. Bxc7 Rbe8 24. Rde1 Rxe4 25. Rxe4 h6 26. Bd6 Ra8 27.
Nxf6+ gxf6 28. b5 Ne5 29. Bxe5 fxe5 30. Rxe5 Rd8 31. Kf1 Kf7 32. Ke2 Kf6 33. Re4
Rd7 34. f3 b6 35. a4 Rc7 36. Kd3 Rd7+ 37. Rd4 Re7 38. Kd2 Rg7 39. g3 Ke5 40. Kd3
h5 41. Rh4 Rf7 42. Rxh5+ Ke6 43. f4 Rd7+ 44. Rd5 Rh7 45. h4 Rg7 46. Rg5 Rd7+ 47.
Rd5 Rg7 48. Rg5 Rd7+ 49. Kc3 Kf6 50. g4 Rd1 51. h5 Rf1 52. Rg6+ Kf7 53. f5 Rf4
54. h6 Rf3+ 55. Kb4 Rf4 56. h7 {Black resigns} 1-0

[Event "Team 45 45 League T51"]
[Site "Internet Chess Club"]
[Date "2011.11.20"]
[Round "2"]
[White "TerryMalloy"]
[Black "CaoCao"]
[Result "1/2-1/2"]
[WhiteElo "1939"]
[BlackElo "1907"]
[Opening "Benoni: Taimanov variation"]
[ECO "A67"]
[Time "09:02:25"]
[TimeControl "2700+45"]

1. d4 Nf6 2. c4 c5 3. d5 e6 4. Nc3 exd5 5. cxd5 d6 6. e4 g6 7. f4 Bg7 8. Bb5+
Nfd7 9. Nf3 O-O 10. O-O a6 11. Bd3 b5 12. Kh1 Nb6 13. f5 c4 14. Bc2 N8d7 15. Bg5
Bf6 16. Bxf6 Qxf6 17. fxg6 fxg6 18. Nd4 Qxf1+ 19. Qxf1 Rxf1+ 20. Rxf1 Ne5 21.
Rf6 Nf7 22. Kg1 Kg7 23. Rf1 Ne5 24. a3 Bd7 25. Kf2 {Game drawn by mutual
agreement} 1/2-1/2

[Event "Team 45 45 League T51"]
[Site "Internet Chess Club"]
[Date "2011.11.19"]
[Round "2"]
[White "RamRock"]
[Black "Topschach"]
[Result "0-1"]
[WhiteElo "1825"]
[BlackElo "1804"]
[Opening "Ruy Lopez: Marshall counter-attack"]
[ECO "C89"]
[Time "10:02:36"]
[TimeControl "2700+45"]

1. e4 e5 2. Nf3 Nc6 3. Bb5 a6 4. Ba4 b5 5. Bb3 Nf6 6. O-O Be7 7. c3 O-O 8. Re1
d5 9. d3 Bg4 10. h3 Be6 11. exd5 Nxd5 12. Nxe5 Nxe5 13. Rxe5 Qd7 14. Qf3 Rad8
15. Re1 c5 16. Nd2 Nc7 17. Bc2 Bd5 18. Qd1 Bb7 19. Nf3 Rfe8 20. Be3 Ne6 21. d4
Qc6 22. Qe2 cxd4 23. cxd4 Bf6 24. Rac1 Nxd4 25. Bxh7+ Kxh7 26. Qd3+ Kg8 27. Rxc6
Nxf3+ 28. gxf3 Rxd3 29. Rc7 Bxf3 {White resigns} 0-1

[Event "Team 45 45 League T51"]
[Site "Internet Chess Club"]
[Date "2011.11.20"]
[Round "2"]
[White "JeremyWa"]
[Black "hewdondada"]
[Result "1/2-1/2"]
[WhiteElo "1667"]
[BlackElo "1737"]
[Opening "Scandinavian (center counter) defense"]
[ECO "B01"]
[Time "18:05:05"]
[TimeControl "2700+45"]

1. e4 d5 2. exd5 Qxd5 3. Nc3 Qa5 4. d4 Nf6 5. Bd2 c6 6. Bc4 Bf5 7. Nge2 Qc7 8.
Bf4 Qd8 9. O-O e6 10. Ng3 Bg6 11. h4 h6 12. Re1 Be7 13. h5 Bh7 14. Qe2 O-O 15.
Rad1 Nd5 16. Nxd5 cxd5 17. Bb3 Nc6 18. Qg4 Bg5 19. Be5 Nxe5 20. dxe5 Qb6 21. Ne2
Bf5 22. Qg3 Rac8 23. Nd4 Bh7 24. c3 Be7 25. Kh1 a5 26. Rd2 a4 27. Bxa4 Bg5 28.
f4 Be7 29. Bc2 Bxc2 30. Rxc2 Qd8 31. Qd3 Bc5 32. Nf3 Be7 33. Rd1 Rc4 34. Qxc4
dxc4 35. Rxd8 Rxd8 36. Rd2 Rd3 37. Kg1 Bc5+ 38. Kf1 Be3 39. Rxd3 cxd3 40. g3 g5
41. fxg5 hxg5 42. g4 Kg7 43. Nd4 Bf4 44. Nf3 Be3 45. a4 f6 46. b3 f5 47. gxf5
exf5 48. e6 g4 49. e7 Kf7 50. Ne5+ Kxe7 51. Nxd3 Kf6 52. Ke2 Bg1 53. Nf4 Kg5 54.
h6 Kxh6 55. Kf1 Bh2 56. Nd3 Kg5 57. Kg2 Bd6 58. b4 f4 59. a5 f3+ 60. Kf2 Kf5 61.
Ke3 Bh2 62. Kf2 Ke4 63. Nc5+ Kf4 64. Nd3+ Ke4 65. Nc5+ Kf4 {Game drawn by mutual
agreement} 1/2-1/2

[Event "Team 45 45 League T51"]
[Site "Internet Chess Club"]
[Date "2011.11.19"]
[Round "2"]
[White "THE-MATRIX"]
[Black "bondguy01"]
[Result "1-0"]
[WhiteElo "1621"]
[BlackElo "1681"]
[Opening "two knights defense: Bogolyubov variation"]
[ECO "C58"]
[Time "11:02:01"]
[TimeControl "2700+45"]

1. e4 e5 2. Nf3 Nc6 3. Bc4 Nf6 4. Ng5 d5 5. exd5 Na5 6. Bb5+ c6 7. dxc6 bxc6 8.
Qf3 h6 9. Ne4 Nd5 10. Nec3 Nxc3 11. Bxc6+ Nxc6 12. Qxc6+ Bd7 13. Qxc3 Qg5 14.
Qf3 Rc8 15. Nc3 Bc6 16. d4 Bxf3 17. Bxg5 exd4 18. Nb5 Bxg2 19. Rg1 Bf3 20. Bf4
Bb4+ 21. Kf1 g5 22. Bd6 Ba5 23. Nxd4 Bb7 24. c3 Kd7 25. Be5 Ba6+ 26. Kg2 Bb7+
27. Kh3 f6 28. Bg3 h5 29. f4 g4+ 30. Kh4 f5 31. Kg5 Rcf8 32. Rad1 Bd8+ 33. Kg6
Kc8 34. Ne6 Rf6+ 35. Kg7 Rxe6 36. Kxh8 Bf6+ 37. Kg8 Re7 38. Rd2 Bc6 39. Rd6 Rg7+
40. Kf8 {Black forfeits on time} 1-0

[Event "Team 45 45 League T51"]
[Site "Internet Chess Club"]
[Date "2011.11.19"]
[Round "2"]
[White "JustinSane"]
[Black "Boromir"]
[Result "1/2-1/2"]
[WhiteElo "2138"]
[BlackElo "1936"]
[Opening "Queen's pawn: London system"]
[ECO "A45"]
[Time "13:42:38"]
[TimeControl "2700+45"]

1. d4 Nf6 2. Bf4 e6 3. e3 d5 4. Nd2 Bd6 5. Bg3 O-O 6. Bd3 b6 7. Ngf3 c5 8. c3
Nc6 9. Ne5 Qc7 10. f4 Bb7 11. O-O Ne7 12. Qf3 Nf5 13. Bf2 Nd7 14. g4 Ne7 15. Qh3
f5 16. Kh1 Nf6 17. gxf5 Nxf5 18. Bxf5 exf5 19. Qxf5 Rae8 20. Qh3 Ne4 21. Nxe4
dxe4 22. Rac1 Rxf4 23. exf4 e3+ 24. Kg1 exf2+ 25. Rxf2 cxd4 26. c4 Bxe5 27. fxe5
Qc6 28. Qg2 Qxg2+ 29. Rxg2 Bxg2 30. Kxg2 Rxe5 31. Kf3 Re3+ 32. Kf2 Re4 33. Rd1
d3 34. Rxd3 Rxc4 35. Rd8+ Kf7 36. Rd7+ Kf6 37. Rxa7 Rc2+ 38. Kg3 Rxb2 39. Rb7
Rxa2 40. Rxb6+ Kf7 41. Rb7+ Kf6 42. Rb6+ Kf7 43. Rb7+ Kf6 44. Rb6+ {Game drawn
by repetition} 1/2-1/2

[Event "Team 45 45 League T51"]
[Site "Internet Chess Club"]
[Date "2011.11.20"]
[Round "2"]
[White "BuddyT"]
[Black "fileman"]
[Result "0-1"]
[WhiteElo "1835"]
[BlackElo "1836"]
[Opening "Scotch: Schmidt variation"]
[ECO "C45"]
[Time "15:04:27"]
[TimeControl "2700+45"]

1. d4 Nc6 2. e4 e5 3. Nf3 exd4 4. Nxd4 Nf6 5. Nxc6 bxc6 6. Bd3 d5 7. e5 Nd7 8.
O-O Be7 9. f4 O-O 10. Nd2 Nc5 11. f5 Bg5 12. Nf3 Bxc1 13. Rxc1 Bd7 14. Nd4 Qh4
15. Be2 Rae8 16. c4 Ne4 17. cxd5 cxd5 18. Rxc7 Qd8 19. Rxd7 Qxd7 20. Bb5 Qc7 21.
Bxe8 Rxe8 22. e6 fxe6 23. fxe6 Qb6 24. Kh1 Qxb2 25. Qh5 Nf2+ 26. Kg1 Nh3+ 27.
Qxh3 Qxd4+ 28. Kh1 Qe5 29. Qa3 Qe2 30. Kg1 a6 31. Qd6 h6 32. Qxd5 Qxe6 33. Rf8+
Kxf8 {White resigns} 0-1

[Event "Team 45 45 League T51"]
[Site "Internet Chess Club"]
[Date "2011.11.17"]
[Round "2"]
[White "ice-cream"]
[Black "crimsonviper"]
[Result "0-1"]
[WhiteElo "1722"]
[BlackElo "1911"]
[Opening "Ruy Lopez: closed"]
[ECO "C90"]
[Time "22:00:58"]
[TimeControl "2700+45"]

1. e4 e5 2. Nf3 Nc6 3. Bb5 a6 4. Ba4 Nf6 5. O-O Be7 6. Re1 b5 7. Bb3 d6 8. h3
Na5 9. d3 O-O 10. Nbd2 Re8 11. a4 Nxb3 12. Nxb3 b4 13. a5 c5 14. Nbd2 Rb8 15.
Nc4 Rb5 16. Nb6 Bb7 17. c4 bxc3 18. bxc3 Qb8 19. c4 Rb4 20. Bd2 Rb2 21. Bc3 Rb4
22. Bxb4 cxb4 23. Qa4 Bf8 24. Nd2 Nh5 25. g3 g6 26. Nf1 f5 27. Nd7 Qc7 28. Nb6
Bc6 29. Qxb4 d5 30. c5 dxe4 31. dxe4 Bxe4 32. Qc4+ Kh8 33. Nd2 Bb7 34. Nb3 Qc6
35. Qd5 Qxd5 36. Nxd5 Bxd5 37. Nc1 Bxc5 38. Nd3 Bd6 39. Rad1 Bc4 40. Nb2 Bb4 41.
Re3 Bb5 42. Rd5 e4 43. Nd1 Nf6 44. Rxb5 axb5 45. a6 Ra8 46. Rb3 Nd5 47. Ne3 Nxe3
48. Rxe3 Rxa6 49. Rb3 Ra4 50. Kf1 Kg7 51. Ke2 Kf6 52. f4 Ke6 53. Ke3 Kd5 54. g4
Ra3 55. Rxa3 Bxa3 56. Kd2 b4 57. g5 b3 58. h4 b2 59. Kc2 e3 60. h5 e2 61. hxg6
hxg6 62. Kb1 e1=Q+ 63. Ka2 b1=Q+ 64. Kxa3 Qa5# {White checkmated} 0-1

[Event "Team 45 45 League T51"]
[Site "Internet Chess Club"]
[Date "2011.11.19"]
[Round "2"]
[White "jps7"]
[Black "fireball"]
[Result "1-0"]
[WhiteElo "1783"]
[BlackElo "1715"]
[Opening "Queen's pawn game, Rubinstein (Colle-Zukertort) variation"]
[ECO "A46"]
[Time "09:02:24"]
[TimeControl "2700+45"]

1. d4 Nf6 2. Nf3 e6 3. e3 c5 4. b3 d5 5. Bd3 Nc6 6. a3 a6 7. Bb2 b5 8. dxc5 Bxc5
9. b4 Bd6 10. Nbd2 e5 11. e4 d4 12. O-O O-O 13. c4 bxc4 14. Nxc4 Be6 15. Nxd6
Qxd6 16. Rc1 Rfc8 17. Qe2 Ne7 18. Rxc8+ Bxc8 19. Rc1 Ng6 20. g3 Nd7 21. Nd2 Nb6
22. Nc4 Nxc4 23. Rxc4 Bb7 24. Qc2 Ne7 25. Rc7 Rb8 26. f3 Nc6 27. Rxb7 Rxb7 28.
Bxa6 Rc7 29. Qd3 Na7 30. Bc4 Qc6 31. Bb3 Qb5 32. Qxb5 Nxb5 33. Kf2 Nxa3 34. Ke2
Nc2 35. b5 Ne3 36. f4 exf4 37. Bxd4 Nc2 38. Be5 Rb7 39. Bxc2 Rxb5 40. gxf4 g5
41. Bd3 Ra5 42. Ke3 g4 43. Bd4 Ra2 44. Be2 h5 45. f5 Ra3+ 46. Kf4 Ra2 47. Ke3
Ra3+ 48. Kf2 Kh7 49. Be3 Ra2 50. Bf4 h4 51. Ke3 Ra3+ 52. Bd3 f6 53. Bd6 Rb3 54.
Bf4 Kg7 55. Bd6 Rb6 56. Bf4 Rb3 57. e5 fxe5 58. Bxe5+ Kf7 59. Ke2 Rb4 60. Kf2
Ra4 61. Ke3 Ra3 62. Ke4 Ra4+ 63. Ke3 Ra3 64. Bc7 Rc3 65. Bd6 Rc6 66. Be5 Rb6 67.
Kf4 Rb4+ 68. Kg5 g3 69. hxg3 hxg3 70. Bxg3 Ra4 71. Bf4 Rd4 72. Be2 Rb4 73. Bh5+
Kg8 74. f6 Rb5+ 75. Kg6 Rb6 76. Bh6 Rc6 77. Bd1 Rb6 78. Bb3+ {Black resigns} 1-0

[Event "Team 45 45 League T51"]
[Site "Internet Chess Club"]
[Date "2011.11.19"]
[Round "2"]
[White "bobhill"]
[Black "eurander"]
[Result "0-1"]
[WhiteElo "1999"]
[BlackElo "2179"]
[Opening "Queen's bishop game"]
[ECO "D02"]
[Time "11:10:36"]
[TimeControl "2700+45"]

1. d4 d5 2. Nf3 Nf6 3. Bf4 Bf5 4. e3 e6 5. Nbd2 Be7 6. c4 c6 7. Qb3 Qb6 8. c5
Qxb3 9. axb3 Nbd7 10. b4 a6 11. h3 Rc8 12. Nb3 Bd8 13. Be2 O-O 14. Bd6 Re8 15.
Na5 Bxa5 16. bxa5 Ne4 17. Bh2 e5 18. Nxe5 Nxe5 19. Bxe5 Nxc5 20. Ra3 Nd7 21. Bf4
Nf8 22. Kd2 Ne6 23. Bh2 c5 24. dxc5 Rxc5 25. Rc1 Rxc1 26. Kxc1 Rc8+ 27. Rc3
Rxc3+ 28. bxc3 Nc5 29. g4 Bd3 30. Kd2 Bc4 31. Bxc4 dxc4 32. Ke2 f6 33. f3 Kf7
34. Bc7 Ke6 35. e4 Kd7 36. Bb6 Kc6 37. h4 Na4 38. Bd4 b6 39. axb6 Nxb6 40. g5
Nd7 41. f4 Kd6 42. h5 fxg5 43. fxg5 g6 44. h6 Nc5 45. e5+ Kd5 46. Be3 Ne4 47.
Bf4 Nxc3+ 48. Kd2 Ne4+ 49. Kc2 Ke6 50. Kb2 Kf5 51. Be3 Kxe5 52. Ka3 Kf5 53. Kb4
c3 54. Kc4 c2 55. Kd3 Nxg5 56. Kxc2 Nf7 57. Kd3 g5 58. Kc4 Nxh6 59. Kd5 Ng4 60.
Bd2 h5 61. Kd4 h4 {White resigns} 0-1

[Event "Team 45 45 League T51"]
[Site "Internet Chess Club"]
[Date "2011.11.20"]
[Round "2"]
[White "Folgers"]
[Black "Beetlejuice"]
[Result "1-0"]
[WhiteElo "2186"]
[BlackElo "1816"]
[Opening "Levitsky attack (Queen's bishop attack)"]
[ECO "D00"]
[Time "11:01:28"]
[TimeControl "2700+45"]

1. d4 d5 2. Bg5 Nf6 3. e3 c5 4. Nc3 Bf5 5. Bb5+ Nc6 6. Nf3 e6 7. O-O Be7 8. Ne5
Qb6 9. dxc5 Qxc5 10. Re1 O-O 11. Bxf6 Bxf6 12. Nd7 Qb4 13. Nxf6+ gxf6 14. Rb1
Rfd8 15. a3 Qc5 16. Bd3 Bg6 17. Qf3 Kg7 18. Qg3 Ne5 19. Ne2 Kh8 20. Qh4 Kg7 21.
Qg3 Kh8 22. Nf4 Nxd3 23. cxd3 Rac8 24. Qf3 Kg7 25. h4 e5 26. d4 Qb5 27. Nh5+
Bxh5 28. Qxh5 e4 29. Qg4+ Kh8 30. Rbc1 Rc6 31. b4 Qa4 32. Rf1 a6 33. Rc5 Qxa3
34. Rxc6 bxc6 35. Qf4 Kg7 36. Qc7 Re8 37. Qxc6 Re6 38. Qxd5 Qxb4 39. Rc1 Kg6 40.
Rc5 Qe1+ 41. Kh2 Qxf2 42. Qh5+ Kg7 43. Rc7 {Black resigns} 1-0

[Event "Team 45 45 League T51"]
[Site "Internet Chess Club"]
[Date "2011.11.20"]
[Round "2"]
[White "bgolev"]
[Black "VietLion"]
[Result "0-1"]
[WhiteElo "1837"]
[BlackElo "1932"]
[Opening "English: symmetrical variation"]
[ECO "A37"]
[Time "16:01:02"]
[TimeControl "2700+45"]

1. Nf3 c5 2. c4 g6 3. Nc3 Bg7 4. g3 Nc6 5. Bg2 e6 6. O-O Nge7 7. Rb1 O-O 8. a3
a5 9. e3 d5 10. cxd5 exd5 11. d3 Bg4 12. h3 Be6 13. Ng5 Rc8 14. Qe2 Nf5 15. Bd2
Qxg5 16. e4 Nxg3 17. fxg3 Qd8 18. exd5 Nd4 19. Qf2 Bf5 20. Ne4 Nb3 21. Bc3 Bd4
22. Bxd4 cxd4 23. g4 Bxe4 24. dxe4 Qd6 25. Rbd1 Qe5 26. Rd3 a4 27. Rf3 Rc1 28.
Rxc1 Nxc1 29. Qc2 Nb3 30. Bf1 d3 31. Bxd3 Nd4 32. Qf2 Nxf3+ 33. Qxf3 Qxb2 34.
Be2 Rc8 35. Qd3 Rc3 36. Qb5 Rc1+ 37. Kf2 Qd4+ 38. Kg3 Rc3+ 39. Kh4 Qf6+ 40. g5
Qf4+ 41. Bg4 {White resigns} 0-1

[Event "Team 45 45 League T51"]
[Site "Internet Chess Club"]
[Date "2011.11.21"]
[Round "2"]
[White "subterfuge"]
[Black "room-matt"]
[Result "0-1"]
[WhiteElo "1736"]
[BlackElo "1684"]
[Opening "QGA, 4.Nc3"]
[ECO "D24"]
[Time "14:03:03"]
[TimeControl "2700+45"]

1. d4 d5 2. c4 dxc4 3. Nf3 Nf6 4. Nc3 a6 5. a4 Nc6 6. d5 Na5 7. e4 Bg4 8. h3
Bxf3 9. Qxf3 Nb3 10. Rb1 Nd4 11. Qd1 e5 12. Bxc4 Bb4 13. Bd3 O-O 14. O-O Nd7 15.
Ne2 Nxe2+ 16. Qxe2 Nc5 17. Bc4 Nxa4 18. f4 Bc5+ 19. Kh1 Bd4 20. fxe5 Bxe5 21.
Rf5 Qd6 22. Qc2 Nb6 23. Ba2 g6 24. Rf3 Nd7 25. Be3 Rfe8 26. b4 b6 27. Rbf1 Re7
28. Qf2 f6 29. Bc1 a5 30. b5 Kg7 31. Qh4 Nc5 32. Bh6+ Kh8 33. Rxf6 Bxf6 34. Rxf6
Qe5 35. Bg5 Qa1+ 36. Kh2 Qxa2 37. Rf2 Qxf2 38. Qxf2 Rd7 39. Qd4+ Kg8 40. e5 Re8
41. Bf6 h5 42. Qc4 Rf7 43. Qc2 Kh7 44. g4 hxg4 45. hxg4 Nd7 46. Qxc7 Nxe5 47.
Bxe5 Rxc7 48. Bxc7 Re2+ 49. Kg3 Rb2 50. d6 Rd2 51. Kf3 a4 52. Ke3 Rd5 53. Bxb6
Rxd6 54. Bd4 a3 55. Ba1 a2 56. Ke4 Rb6 57. Kd4 Rxb5 58. Kc4 Rb1 {White resigns}
0-1

[Event "Team 45 45 League T51"]
[Site "Internet Chess Club"]
[Date "2011.11.19"]
[Round "2"]
[White "Greedy-Reedy"]
[Black "RdgMx"]
[Result "1-0"]
[WhiteElo "2039"]
[BlackElo "1863"]
[Opening "Scandinavian (center counter) defense"]
[ECO "B01"]
[Time "10:52:43"]
[TimeControl "2700+45"]

1. e4 d5 2. exd5 Qxd5 3. Nc3 Qa5 4. d4 c6 5. Bc4 Nf6 6. Nf3 Bg4 7. h3 Bxf3 8.
Qxf3 e6 9. O-O Bd6 10. Ne4 Nxe4 11. Qxe4 Nd7 12. c3 Nf6 13. Qe2 Qh5 14. Re1 Qxe2
15. Rxe2 O-O 16. Bg5 Nd5 17. g3 h6 18. Bd2 Rfe8 19. Rae1 b5 20. Bb3 a6 21. f4 g6
22. Kg2 Kg7 23. Kf3 h5 24. Bc2 Red8 25. b3 c5 26. dxc5 Bxc5 27. Be4 Rac8 28. g4
hxg4+ 29. hxg4 Nf6 30. Bb1 Rh8 31. Kg3 Rhd8 32. c4 bxc4 33. Ba5 Rd6 34. bxc4 Ba3
35. Bc3 Rxc4 36. Be5 Rd5 37. g5 Rxe5 38. gxf6+ Kxf6 39. fxe5+ Kg7 40. Re4 Rc6
41. Kg4 a5 42. Rf1 Rc7 43. Re3 Bb2 44. Rh1 a4 45. Rhh3 Rc4+ 46. Re4 Rc1 47. Bd3
a3 48. Bc4 Rg1+ 49. Rg3 Rc1 50. Bb3 Rc5 51. Rge3 Rc1 52. Rc4 Rg1+ 53. Kf3 Rf1+
54. Ke4 Rf5 55. Rc5 g5 56. Rf3 Kg6 57. Rxf5 exf5+ 58. Kf3 Bd4 59. Rd5 Bc3 60.
Rd6+ Kg7 61. Rd7 Bxe5 62. Rxf7+ Kg6 63. Re7 g4+ 64. Kg2 Bb2 65. Bc2 Kf6 66. Rb7
f4 67. Rb5 Be5 68. Ra5 Bd6 69. Rf5+ Ke6 70. Ra5 Kf6 71. Bf5 Kg5 72. Bd7+ Kh4 73.
Rd5 f3+ 74. Kf2 Bc7 75. Bxg4 Kxg4 76. Rd4+ Bf4 77. Rd3 Bg3+ 78. Kf1 {Black
resigns} 1-0

[Event "Team 45 45 League T51"]
[Site "Internet Chess Club"]
[Date "2011.11.20"]
[Round "2"]
[White "primerpaso"]
[Black "achessman"]
[Result "0-1"]
[WhiteElo "1865"]
[BlackElo "1966"]
[Opening "English: Caro-Kann defensive system"]
[ECO "A11"]
[Time "07:32:16"]
[TimeControl "2700+45"]

1. c4 c6 2. Nc3 d5 3. cxd5 cxd5 4. d4 Nf6 5. g3 g6 6. Bg2 Bg7 7. Nf3 O-O 8. O-O
Nc6 9. Bf4 Ne4 10. Rc1 Bf5 11. h3 Nxc3 12. Rxc3 Be4 13. e3 e6 14. Qe2 Bxf3 15.
Qxf3 g5 16. Be5 f6 17. Qg4 Qe7 18. f4 fxe5 19. dxe5 Rac8 20. h4 gxh4 21. gxh4
Rce8 22. Kh1 Kh8 23. Rg1 Qf7 24. Bh3 Rg8 25. Qe2 d4 26. Rc4 Bh6 27. Rxg8+ Rxg8
28. Bg2 Qg6 {White resigns} 0-1

[Event "Team 45 45 League T51"]
[Site "Internet Chess Club"]
[Date "2011.11.19"]
[Round "2"]
[White "fileman"]
[Black "Kueh"]
[Result "0-1"]
[WhiteElo "1818"]
[BlackElo "1966"]
[Opening "Caro-Kann defense"]
[ECO "B10"]
[Time "07:18:52"]
[TimeControl "2700+45"]

1. e4 c6 2. e5 d6 3. exd6 e5 4. d4 Qxd6 5. dxe5 Qxe5+ 6. Be2 Bb4+ 7. c3 Bc5 8.
Nf3 Qe6 9. O-O Nf6 10. Re1 O-O 11. Bg5 Nbd7 12. Nbd2 Qf5 13. Bh4 Nb6 14. Nb3 Be6
15. Nbd4 Qf4 16. Bg5 Qc7 17. Nxe6 fxe6 18. Nd4 Bxd4 19. Qxd4 e5 20. Qh4 h6 21.
Bxf6 Rxf6 22. Bc4+ Nxc4 23. Qxc4+ Kh8 24. Re4 Raf8 25. Rf1 Qd6 26. Qb4 Rxf2 27.
Ree1 Rxf1+ 28. Rxf1 Rxf1+ 29. Kxf1 Qxb4 30. cxb4 g6 31. Ke2 Kg7 32. Ke3 Kf6 33.
Ke4 Ke6 34. g4 Kf6 35. h4 Ke6 36. a4 a6 37. h5 gxh5 38. gxh5 b5 39. a5 Kf6 40.
b3 Ke6 41. Kf3 Kd5 42. Ke3 e4 43. Ke2 Kd4 44. Kd2 e3+ 45. Ke2 Ke4 {White
resigns} 0-1

[Event "Team 45 45 League T51"]
[Site "Internet Chess Club"]
[Date "2011.11.21"]
[Round "2"]
[White "CaoCao"]
[Black "zap2"]
[Result "1/2-1/2"]
[WhiteElo "1904"]
[BlackElo "1851"]
[Opening "Caro-Kann: Steinitz variation"]
[ECO "B17"]
[Time "04:23:57"]
[TimeControl "2700+45"]

1. e4 c6 2. d4 d5 3. Nc3 dxe4 4. Nxe4 Nd7 5. Nf3 Ngf6 6. Ng3 e6 7. Bd3 c5 8. c3
cxd4 9. cxd4 Bb4+ 10. Bd2 Qa5 11. a3 Bxd2+ 12. Qxd2 Qxd2+ 13. Kxd2 b6 14. Ne4
Ke7 15. Nxf6 Nxf6 16. Rac1 Nd5 17. Be4 Rd8 18. Ne5 Kf8 19. Nc6 Rd7 20. Bxd5 Rxd5
21. Ke3 Bb7 22. Ne5 f6 23. Nf3 Rad8 24. Rc7 R8d7 25. Rhc1 Ke7 26. Rxd7+ Rxd7 27.
Ne1 Rd5 28. f3 Kd7 29. Nd3 Rh5 30. h3 Rf5 31. b4 g5 32. Nf2 h5 33. Ne4 h4 34.
Nc3 {Game drawn by mutual agreement} 1/2-1/2

[Event "Team 45 45 League T51"]
[Site "Internet Chess Club"]
[Date "2011.11.20"]
[Round "2"]
[White "perikitosax"]
[Black "carokantor"]
[Result "1/2-1/2"]
[WhiteElo "1982"]
[BlackElo "2016"]
[Opening "Benoni defense"]
[ECO "A61"]
[Time "12:19:51"]
[TimeControl "2700+45"]

1. d4 Nf6 2. c4 e6 3. Nc3 c5 4. d5 exd5 5. cxd5 d6 6. Nf3 g6 7. Bf4 Bg7 8. Qa4+
Bd7 9. Qb3 Qc7 10. e4 O-O 11. Nd2 Re8 12. Be2 a6 13. a4 Bg4 14. f3 Nh5 {Game
drawn by mutual agreement} 1/2-1/2

[Event "Team 45 45 League T51"]
[Site "Internet Chess Club"]
[Date "2011.11.20"]
[Round "2"]
[White "HumanTornado"]
[Black "bogolijubov"]
[Result "1/2-1/2"]
[WhiteElo "1950"]
[BlackElo "1767"]
[Opening "Scandinavian defense"]
[ECO "B01"]
[Time "11:00:23"]
[TimeControl "2700+45"]

1. e4 d5 2. exd5 Nf6 3. Nf3 Nxd5 4. d4 g6 5. Be2 Bg7 6. O-O O-O 7. c4 Nb6 8. h3
Nc6 9. Be3 e5 10. d5 e4 11. Nd4 Nxd4 12. Bxd4 Qg5 13. Be3 Qe7 14. Nc3 f5 15. c5
f4 16. Bd4 f3 17. Bxf3 Rxf3 18. Bxg7 Bxh3 19. Nxe4 Qxe4 20. Qxf3 Qxf3 21. gxf3
Bxf1 22. Bh6 Nxd5 23. Kxf1 Re8 24. Rc1 c6 25. Rc4 Re5 26. Re4 {Game drawn by
mutual agreement} 1/2-1/2

[Event "Team 45 45 League T51"]
[Site "Internet Chess Club"]
[Date "2011.11.20"]
[Round "2"]
[White "spunni"]
[Black "CamLeslie"]
[Result "*"]
[WhiteElo "1881"]
[BlackElo "1839"]
[Opening "Sicilian: accelerated fianchetto, modern variation"]
[ECO "B34"]
[Time "06:11:15"]
[TimeControl "2700+45"]

1. e4 c5 2. Nf3 g6 3. d4 cxd4 4. Nxd4 Nc6 5. Nc3 Nf6 6. Nxc6 bxc6 7. e5 Ng8 8.
Bc4 Bg7 9. Qf3 e6 10. Bf4 Ne7 11. O-O-O Qa5 12. Ne4 Bxe5 {Game adjourned when
Black disconnected} *